TOP OF THE 1ST |
Rome Braves batting - Pitching for West Virginia Black Bears : RHP Franklin Amaro
|
Pitching: RHP Franklin Amaro
|
|
Batting: LHB J.P. Olson
|
0-0: Called Strike 0-1: Ball 1-1: Called Strike 1-2: Ball 2-2: Ball 3-2: Fly out, F7 (Flyball, 78D, EV 98.1 MPH)
|
Batting: RHB Brandon Burrell
|
0-0: Ball 1-0: Ball 2-0: Called Strike 2-1: Foul Ball, location: 2F 2-2: Ground out 6-3 (Groundball, 6M, EV 88.8 MPH)
|
Batting: LHB Curt Nelson
|
0-0: Swinging Strike 0-1: Ball 1-1: Called Strike 1-2: Fly out, F8 (Flyball, 8RD, EV 103.1 MPH)
|
Top of the 1st over - 0 runs, 0 hits, 0 errors, 0 left on base; Rome 0 - West Virginia 0 |
BOTTOM OF THE 1ST |
West Virginia Black Bears batting - Pitching for Rome Braves : LHP Juan Ramirez
|
Pitching: LHP Juan Ramirez
|
|
Batting: LHB Joe Hoover
|
0-0: Called Strike 0-1: SINGLE (Line Drive, 6D, EV 96.9 MPH)
|
Batting: RHB Pleun Smit
|
0-0: Called Strike Joe Hoover steals 2nd base 0-1: Ball 1-1: Called Strike 1-2: Foul Ball, location: 2F 1-2: Ball 2-2: Ball 3-2: Base on Balls
|
Batting: RHB Jose Almonte
|
0-0: Ball 1-0: Reached on error, E5 (Groundball, 5L, EV 88.1 MPH) Joe Hoover to third Pleun Smit to second
|
Batting: RHB Chris Pozzi
|
0-0: Called Strike 0-1: Foul Ball, location: 2F 0-2: Ball 1-2: Ball 2-2: Strikes out looking
|
Batting: LHB Brandon Sarni
|
0-0: Foul Ball, location: 2F 0-1: Swinging Strike 0-2: Fielders Choice at 2nd, 3-6 (Groundball, 34S, EV 85.0 MPH) Joe Hoover scores Pleun Smit to third
|
Batting: RHB Freddy Quintero
|
0-0: Foul Ball, location: 2F 0-1: Ball 1-1: Foul Ball, location: 2F 1-2: Ball 2-2: Foul Ball, location: 2F 2-2: Ball 3-2: Foul Ball, location: 2F 3-2: Fly out, F7 (Flyball, 7D, EV 74.4 MPH)
|
Bottom of the 1st over - 1 run, 1 hit, 1 error, 2 left on base; Rome 0 - West Virginia 1 |
TOP OF THE 2ND |
Rome Braves batting - Pitching for West Virginia Black Bears : RHP Franklin Amaro
|
Batting: RHB Ike Trout
|
0-0: Called Strike 0-1: Ball 1-1: Ball 2-1: Ground out 6-3 (Groundball, 6, EV 96.3 MPH)
|
Batting: LHB Mike Tenorio
|
0-0: Ground out U3 (Groundball, 34S, EV 81.9 MPH)
|
Batting: RHB Badr al Din Ridha
|
0-0: Hit by Pitch
|
Batting: RHB Alex Velasquez
|
0-0: Called Strike Badr al Din Ridha is caught stealing 2nd base 2-4
|
Top of the 2nd over - 0 runs, 0 hits, 0 errors, 0 left on base; Rome 0 - West Virginia 1 |
BOTTOM OF THE 2ND |
West Virginia Black Bears batting - Pitching for Rome Braves : LHP Juan Ramirez
|
Batting: RHB Richard Barrios
|
0-0: Swinging Strike 0-1: Called Strike 0-2: Ball 1-2: Strikes out looking
|
Batting: LHB Gregg Kellerman
|
0-0: Ball 1-0: Ball 2-0: Called Strike 2-1: Bunt missed! 2-2: Ball 3-2: SINGLE (Line Drive, 78M, EV 104.4 MPH)
|
Batting: SHB Mike Corley
|
0-0: Fly out, F8 (Line Drive, 8RM, EV 102.5 MPH)
|
Batting: LHB Joe Hoover
|
0-0: Called Strike 0-1: Called Strike 0-2: Strikes out looking
|
Bottom of the 2nd over - 0 runs, 1 hit, 0 errors, 1 left on base; Rome 0 - West Virginia 1 |
TOP OF THE 3RD |
Rome Braves batting - Pitching for West Virginia Black Bears : RHP Franklin Amaro
|
Batting: RHB Alex Velasquez
|
0-0: Ball 1-0: SINGLE (Groundball, 34D, EV 98.8 MPH)
|
Batting: RHB Tim Molchan
|
0-0: Called Strike Alex Velasquez steals 2nd base 0-1: Ball 1-1: Foul Ball, location: 2F 1-2: Strikes out swinging
|
Batting: LHB Joe Phillips
|
0-0: Called Strike 0-1: Ball 1-1: Ball 2-1: Foul Ball, location: 2F 2-2: Strikes out looking
|
Batting: LHB J.P. Olson
|
0-0: Foul Ball, location: 2F 0-1: Swinging Strike 0-2: Ball 1-2: Ball 2-2: Foul Ball, location: 2F 2-2: Ground out 6-3 (Groundball, 4M, EV 103.1 MPH)
|
Top of the 3rd over - 0 runs, 1 hit, 0 errors, 1 left on base; Rome 0 - West Virginia 1 |
BOTTOM OF THE 3RD |
West Virginia Black Bears batting - Pitching for Rome Braves : LHP Juan Ramirez
|
Batting: RHB Pleun Smit
|
0-0: Fly out, F9 (Flyball, 89S, EV 86.9 MPH)
|
Batting: RHB Jose Almonte
|
0-0: Ball 1-0: Foul Ball, location: 2F 1-1: Called Strike 1-2: Ball 2-2: Ball 3-2: Ground out 1-3 (Groundball, 13, EV 75.0 MPH)
|
Batting: RHB Chris Pozzi
|
0-0: Swinging Strike 0-1: Called Strike 0-2: Ball 1-2: Ball 2-2: Strikes out swinging
|
Bottom of the 3rd over - 0 runs, 0 hits, 0 errors, 0 left on base; Rome 0 - West Virginia 1 |
TOP OF THE 4TH |
Rome Braves batting - Pitching for West Virginia Black Bears : RHP Franklin Amaro
|
Batting: RHB Brandon Burrell
|
0-0: DOUBLE (Line Drive, 89D, EV 101.3 MPH)
|
Batting: LHB Curt Nelson
|
0-0: Called Strike 0-1: Called Strike 0-2: Strikes out swinging
|
Batting: RHB Ike Trout
|
0-0: Ball 1-0: Foul Ball, location: 2F 1-1: SINGLE (Groundball, 56D, EV 103.8 MPH) Brandon Burrell to third
|
Batting: LHB Mike Tenorio
|
0-0: Called Strike 0-1: Ball 1-1: SINGLE (Groundball, 34, EV 107.5 MPH) Brandon Burrell scores Ike Trout to second Runner from 2nd tries for 3rd, SAFE, throw by RF made to third
|
Batting: RHB Badr al Din Ridha
|
0-0: Ball Squeeze bunt is on, Ike Trout is out 1-1: Fly out, F8 (Line Drive, 8RM, EV 85.0 MPH)
|
Top of the 4th over - 1 run, 3 hits, 0 errors, 1 left on base; Rome 1 - West Virginia 1 |
BOTTOM OF THE 4TH |
West Virginia Black Bears batting - Pitching for Rome Braves : LHP Juan Ramirez
|
Batting: LHB Brandon Sarni
|
0-0: Ball 1-0: Ball 2-0: Ground out 4-3 (Groundball, 34D, EV 104.4 MPH)
|
Batting: RHB Freddy Quintero
|
0-0: Ball 1-0: Ball 2-0: Called Strike 2-1: Ball 3-1: Base on Balls
|
Batting: RHB Richard Barrios
|
0-0: Called Strike 0-1: Called Strike 0-2: Ball 1-2: Strikes out swinging
|
Batting: LHB Gregg Kellerman
|
0-0: Ball 1-0: Foul Ball, location: 2F 1-1: Foul Ball, location: 2F 1-2: Strikes out swinging
|
Bottom of the 4th over - 0 runs, 0 hits, 0 errors, 1 left on base; Rome 1 - West Virginia 1 |
TOP OF THE 5TH |
Rome Braves batting - Pitching for West Virginia Black Bears : RHP Franklin Amaro
|
Batting: RHB Alex Velasquez
|
0-0: Ground out 5-3 (Groundball, 15, EV 88.1 MPH)
|
Batting: RHB Tim Molchan
|
0-0: Ball 1-0: TRIPLE (Flyball, 78XD, EV 106.3 MPH)
|
Batting: LHB Joe Phillips
|
0-0: Ball 1-0: Foul Ball, location: 2F 1-1: Ball 2-1: Bunted foul 2-2: Foul Ball, location: 2F 2-2: Foul Ball, location: 2F 2-2: Ball 3-2: Strikes out looking
|
Batting: LHB J.P. Olson
|
0-0: Ball 1-0: Foul Ball, location: 2F 1-1: Ball 2-1: Foul Ball, location: 2F 2-2: Ball 3-2: Base on Balls
|
Batting: RHB Brandon Burrell
|
0-0: Ball J.P. Olson steals 2nd base (no throw) 1-0: Ground out 6-3 (Groundball, 6, EV 84.4 MPH)
|
Top of the 5th over - 0 runs, 1 hit, 0 errors, 2 left on base; Rome 1 - West Virginia 1 |
BOTTOM OF THE 5TH |
West Virginia Black Bears batting - Pitching for Rome Braves : LHP Juan Ramirez
|
Batting: SHB Mike Corley
|
0-0: Ball 1-0: Ball 2-0: Called Strike 2-1: Swinging Strike 2-2: Strikes out swinging
|
Batting: LHB Joe Hoover
|
0-0: Ball 1-0: Foul Ball, location: 2F 1-1: Called Strike 1-2: Foul Ball, location: 2F 1-2: Foul Ball, location: 2F 1-2: Ball 2-2: Ground out U3 (Groundball, 3L, EV 85.6 MPH)
|
Batting: RHB Pleun Smit
|
0-0: Called Strike 0-1: Ball 1-1: Ground out 4-3 (Groundball, 4M, EV 94.4 MPH)
|
Bottom of the 5th over - 0 runs, 0 hits, 0 errors, 0 left on base; Rome 1 - West Virginia 1 |
TOP OF THE 6TH |
Rome Braves batting - Pitching for West Virginia Black Bears : RHP Franklin Amaro
|
Batting: LHB Curt Nelson
|
0-0: Called Strike 0-1: Foul Ball, location: 2F 0-2: Ground out 4-3 (Groundball, 4D, EV 101.9 MPH)
|
Batting: RHB Ike Trout
|
0-0: Ball 1-0: Ball 2-0: Ball 3-0: Called Strike 3-1: SINGLE (Groundball, 6MD, EV 101.9 MPH)
|
Batting: LHB Mike Tenorio
|
0-0: Called Strike Ike Trout steals 2nd base 0-1: Swinging Strike 0-2: Ball 1-2: Strikes out swinging
|
Batting: RHB Badr al Din Ridha
|
0-0: Called Strike 0-1: Ball Wild Pitch! Ike Trout to third 1-1: Bunted foul 1-2: Foul Ball, location: 2F 1-2: Ground out 6-3 (Groundball, 56, EV 101.9 MPH)
|
Top of the 6th over - 0 runs, 1 hit, 0 errors, 1 left on base; Rome 1 - West Virginia 1 |
BOTTOM OF THE 6TH |
West Virginia Black Bears batting - Pitching for Rome Braves : LHP Juan Ramirez
|
Batting: RHB Jose Almonte
|
0-0: Ball 1-0: Ground out 5-3 (Groundball, 56S, EV 63.8 MPH)
|
Pitching: RHP Jeremy Hurley
|
|
Batting: RHB Chris Pozzi
|
0-0: Called Strike 0-1: Foul Ball, location: 2F 0-2: Foul Ball, location: 2F 0-2: Ball 1-2: Strikes out swinging
|
Batting: LHB Brandon Sarni
|
0-0: Ball 1-0: Foul Ball, location: 2F 1-1: Swinging Strike 1-2: Foul Ball, location: 2F 1-2: Strikes out swinging
|
Bottom of the 6th over - 0 runs, 0 hits, 0 errors, 0 left on base; Rome 1 - West Virginia 1 |
TOP OF THE 7TH |
Rome Braves batting - Pitching for West Virginia Black Bears : RHP Franklin Amaro
|
Batting: RHB Alex Velasquez
|
0-0: Ball 1-0: Ball 2-0: Called Strike 2-1: Reached on error, E6 (Groundball, 6, EV 84.4 MPH)
|
Pitching: RHP Justin Smart
|
|
Batting: RHB Tim Molchan
|
0-0: Ball 1-0: Called Strike Alex Velasquez steals 2nd base 1-1: Sac Bunt to 2L - play at first, batter OUT! 2-4 Alex Velasquez to third
|
Batting: LHB Joe Phillips
|
0-0: Ball 1-0: Bunted foul 1-1: DOUBLE (Flyball, 5D, EV 91.3 MPH) Alex Velasquez scores
|
Batting: LHB J.P. Olson
|
0-0: Intentional Walk
|
Batting: RHB Brandon Burrell
|
0-0: Fly out, F9 (Flyball, 9LD, EV 83.1 MPH) Runner from 2nd tags up, SAFE at 3rd, no throw by RF
|
Batting: LHB Curt Nelson
|
0-0: Ball J.P. Olson steals 2nd base 1-0: Ball 2-0: Ball 3-0: Swinging Strike 3-1: Base on Balls
|
Batting: RHB Ike Trout
|
0-0: Called Strike 0-1: Ball 1-1: Ball 2-1: Ball 3-1: Fly out, F6 (Popup, 6MS, EV 61.3 MPH)
|
Top of the 7th over - 1 run, 1 hit, 1 error, 3 left on base; Rome 2 - West Virginia 1 |
BOTTOM OF THE 7TH |
West Virginia Black Bears batting - Pitching for Rome Braves : RHP Jeremy Hurley
|
Batting: RHB Freddy Quintero
|
0-0: Called Strike 0-1: Ball 1-1: Foul Ball, location: 2F 1-2: Strikes out looking
|
Pinch Hitting: LHB Pat Baker
|
0-0: Ball 1-0: Swinging Strike 1-1: Swinging Strike 1-2: Strikes out looking
|
Batting: LHB Gregg Kellerman
|
0-0: Called Strike 0-1: Called Strike 0-2: Ball 1-2: Strikes out swinging
|
Bottom of the 7th over - 0 runs, 0 hits, 0 errors, 0 left on base; Rome 2 - West Virginia 1 |
TOP OF THE 8TH |
Rome Braves batting - Pitching for West Virginia Black Bears : RHP Justin Smart
|
Now at SS: Steve Dennis
|
|
Batting: LHB Mike Tenorio
|
0-0: Ball 1-0: Swinging Strike 1-1: Ball 2-1: Ball 3-1: Base on Balls
|
Batting: RHB Badr al Din Ridha
|
0-0: Bunted foul 0-1: Bunted foul 0-2: SINGLE (Line Drive, 5, EV 61.9 MPH) (infield hit) Mike Tenorio to second
|
Batting: RHB Alex Velasquez
|
0-0: Ball 1-0: Foul Ball, location: 2F 1-1: Fielders Choice at 2nd, 5-4 (Groundball, 56, EV 106.3 MPH) Mike Tenorio to third
|
Batting: RHB Tim Molchan
|
0-0: Called Strike Alex Velasquez steals 2nd base 0-1: Swinging Strike 0-2: Ball 1-2: Foul Ball, location: 2F 1-2: Ball 2-2: Strikes out swinging
|
Pitching: RHP Shinya Ito
|
|
Batting: LHB Joe Phillips
|
0-0: Swinging Strike 0-1: Ball 1-1: Ball 2-1: Ball 3-1: Called Strike 3-2: Strikes out swinging
|
Top of the 8th over - 0 runs, 1 hit, 0 errors, 2 left on base; Rome 2 - West Virginia 1 |
BOTTOM OF THE 8TH |
West Virginia Black Bears batting - Pitching for Rome Braves : RHP Jeremy Hurley
|
Pitching: RHP Omar Orosco
|
|
Now at 2B: Juan Aguilar
|
|
Batting: SHB Mike Corley
|
0-0: Swinging Strike 0-1: SINGLE (Groundball, 4S, EV 64.4 MPH) (infield hit)
|
Batting: LHB Joe Hoover
|
0-0: Bunted foul 0-1: Ball 1-1: Sac Bunt to 3S - play at first, batter OUT! 3-4 Mike Corley to second
|
Pinch Hitting: LHB Donald Imre
|
0-0: Ball 1-0: Swinging Strike 1-1: Fly out, F1 (Line Drive, P, EV 65.6 MPH)
|
Batting: RHB Jose Almonte
|
0-0: Called Strike 0-1: Ball 1-1: Ground out 4-3 (Groundball, 4, EV 86.9 MPH)
|
Bottom of the 8th over - 0 runs, 1 hit, 0 errors, 1 left on base; Rome 2 - West Virginia 1 |
TOP OF THE 9TH |
Rome Braves batting - Pitching for West Virginia Black Bears : RHP Shinya Ito
|
Now at 3B: Chris Beckham
|
|
Batting: LHB J.P. Olson
|
0-0: Foul Ball, location: 2F 0-1: Swinging Strike 0-2: Strikes out swinging
|
Batting: RHB Brandon Burrell
|
0-0: Ball 1-0: Swinging Strike 1-1: Swinging Strike 1-2: Strikes out swinging
|
Batting: LHB Curt Nelson
|
0-0: Ball 1-0: Ground out 1-3 (Groundball, 13, EV 64.4 MPH)
|
Top of the 9th over - 0 runs, 0 hits, 0 errors, 0 left on base; Rome 2 - West Virginia 1 |
BOTTOM OF THE 9TH |
West Virginia Black Bears batting - Pitching for Rome Braves : RHP Omar Orosco
|
Pitching: RHP Aaron Shapiro
|
|
Now at 3B: Adrian Billups
|
|
Now in LF: Javier Rubio
|
|
Batting: RHB Chris Pozzi
|
0-0: Called Strike 0-1: Called Strike 0-2: Strikes out swinging, 2-3 out at first.
|
Batting: LHB Brandon Sarni
|
0-0: Ball 1-0: Ball 2-0: Ball 3-0: Base on Balls
|
Batting: RHB Freddy Quintero
|
0-0: Called Strike 0-1: Called Strike 0-2: Ball 1-2: Strikes out swinging
|
Pinch Hitting: LHB Alan Pumphrey
|
0-0: Swinging Strike 0-1: Foul Ball, location: 2F 0-2: Strikes out looking
|
Bottom of the 9th over - 0 runs, 0 hits, 0 errors, 1 left on base; Rome 2 - West Virginia 1 |
|